 Dungeon Crawl Stone Soup version 0.28.0-43-g3370ac3207 (webtiles) character file.

Game seed: 1451096275420237001

514 funkygono the Magician (level 7, -2/36 HPs)
             Began as a Deep Elf Fire Elementalist on Mar 1, 2022.
             Killed by divine providence
             ... invoked by an orc priest
              (10 damage)
             ... on level 4 of the Dungeon.
             The game lasted 00:04:02 (3560 turns).

funkygono the Magician (Deep Elf Fire Elementalist) Turns: 3560, Time: 00:04:02

Health: -2/36      AC:  4    Str:  5    XL:     7   Next: 0%
Magic:  11/19      EV: 12    Int: 22    God:
Gold:   282        SH:  0    Dex: 15    Spells: 9/19 levels left

rFire   + . .      SeeInvis .   h - staff of fire
rCold   + . .      Faith    .   (no shield)
rNeg    . . .      Spirit   .   i - +2 robe {rC+}
rPois   .          Reflect  .   (no helmet)
rElec   .          Harm     .   (no cloak)
rCorr   .          Rampage  .   (no gloves)
Will    .....                   (no boots)
Stlth   ++........              (no amulet)
HPRegen 0.12/turn               (no ring)
MPRegen 0.16/turn               (no ring)

@: no status effects
A: no striking features
a: no special abilities


You were on level 4 of the Dungeon.
You visited 1 branch of the dungeon, and saw 4 of its levels.

You collected 282 gold pieces.

Inventory:

Hand Weapons
 e - a +0 dagger
 j - a +0 quarterstaff
Missiles
 g - 116 stones
Armour
 i - a +2 robe of cold resistance (worn)
Magical Staves
 h - a staff of fire (weapon)
Wands
 m - a wand of polymorph (12)
Scrolls
 b - a scroll of fog {unknown}
 c - 5 scrolls of identify {unknown}
 d - a scroll of fear {unknown}
 k - a scroll of enchant armour {unknown}
 l - a scroll of summoning {unknown}
 n - a scroll of teleportation {unknown}
 o - a scroll of enchant weapon {unknown}
 p - 2 scrolls of noise {unknown}
 q - a scroll of torment {unknown}
Potions
 a - a potion of mutation {unknown}
 f - 3 potions of lignification {unknown}


   Skills:
 + Level 2.5 Dodging
 - Level 2.4 Stealth
 * Level 6.8 Spellcasting
 * Level 4.0 Conjurations
 * Level 5.6 Fire Magic


You had 9 spell levels left.
You knew the following spells:

 Your Spells              Type           Power      Damage    Failure   Level
a - Foxfire               Conj/Fire      100%       2x1d9     1%          1
b - Scorch                Fire           96%        2d10      1%          2
c - Conjure Flame         Conj/Fire      43%        6-21      3%          3
d - Flame Wave            Conj/Fire      43%        2d9       12%         4

Your spell library contained the following spells:

 Spells                   Type           Power      Damage    Failure   Level
 Shock                    Conj/Air       64%        1d7       3%          1
 Inner Flame              Hex/Fire       30%        N/A       8%          3
 Ensorcelled Hibernation  Hex/Ice        14%        N/A       13%         2
 Spider Form              Tmut/Pois      7%         N/A       26%         3
 Swiftness                Air            7%         N/A       26%         3
 Airstrike                Air            3%         N/A       63%         4
 Anguish                  Hex/Necr       3%         N/A       63%         4


Dungeon Overview and Level Annotations

Branches:
Dungeon (4/15)
 Temple: D:4-7

Altars:


Message History

The orc wizard is almost dead.
The foxfire hits the orc wizard but does no damage.
The orc wizard is almost dead.
Casting: Foxfire (safe; 1% risk of failure)
Confirm with . or Enter, or press ? or * to list all spells.
You feel a surge of power!
You conjure some foxfire!
The foxfire hits the orc wizard but does no damage.
The orc wizard is almost dead.
An orc priest comes into view. It is wielding a +0 hand axe.
The foxfire hits the orc wizard!
You kill the orc wizard!
Your Conjurations skill increases to level 4!
Casting: Foxfire (safe; 1% risk of failure)
Confirm with . or Enter, or press ? or * to list all spells.
You feel a surge of power!
You conjure some foxfire!
The foxfire hits the orc!
You kill the orc!
An orc comes into view. It is wielding a +0 mace.
The orc priest calls down the wrath of Beogh upon you.
Beogh smites you!
You have reached level 7!
Casting: Foxfire (safe; 1% risk of failure)
Confirm with . or Enter, or press ? or * to list all spells.
You feel a surge of power!
You conjure some foxfire!
The foxfire hits the orc priest.
The orc priest is lightly wounded.
The orc priest calls down the wrath of Beogh upon you.
Beogh smites you!
* * * LOW HITPOINT WARNING * * *
Casting: Foxfire (safe; 1% risk of failure)
Confirm with . or Enter, or press ? or * to list all spells.
You feel a surge of power!
You conjure some foxfire!
The foxfire hits the orc priest.
The orc priest is lightly wounded.
The foxfire hits the orc priest but does no damage.
The orc priest is lightly wounded.
The foxfire hits the orc priest.
The orc priest is moderately wounded.
The orc priest invokes the aid of Beogh against you.
Beogh smites you!
You die...

#....# #....# #....#
####....############
........'...........
####....#####...####
###....### #...# #
######§§§.....###...#
#
oo)v§§v@.......##...#
#
######vv......).#...#
# ##########)#...# #
###.#...# # #...#...#
# #....#### # #....#
# #####.# # #.....##
#


You could see an orc priest (ally target) and an orc.

Vanquished Creatures
  Sigmund (D:2)
  A hound (D:3)
  An orc priest (D:4)
  Jessica (D:2)
  An iguana (D:4)
  Natasha (thrice) (D:2)
  2 orc wizards (D:4)
  4 adders
  An adder skeleton (D:4)
  2 worms
  2 dart slugs
  8 orcs
  7 endoplasms
  A giant cockroach (D:2)
  5 goblins
  4 hobgoblins
  2 jackals (D:2)
  9 kobolds
  4 quokkas
  7 ball pythons
  2 bats (D:1)
  6 frilled lizards
  4 rats
78 creatures vanquished.

Vanquished Creatures (others)
  247 foxfires
247 creatures vanquished.

Grand Total: 325 creatures vanquished

Notes
Turn   | Place    | Note
-------+----------+-------------------------------------------
     0 | D:1      | funkygono the Deep Elf Fire Elementalist began the quest
                  | for the Orb.
     0 | D:1      | Reached XP level 1. HP: 10/10 MP: 6/6
    77 | D:1      | Found a faded altar of an unknown god.
   194 | D:1      | Reached XP level 2. HP: 15/15 MP: 5/8
   197 | D:1      | Learned a level 2 spell: Scorch
  1075 | D:2      | Reached XP level 3. HP: 19/19 MP: 5/10
  1079 | D:2      | Learned a level 3 spell: Conjure Flame
  1330 | D:2      | Noticed Jessica
  1333 | D:2      | Killed Jessica
  1334 | D:2      | Reached skill level 4 in Spellcasting
  1410 | D:2      | Noticed Sigmund
  1415 | D:2      | Noticed Natasha
  1416 | D:2      | Killed Sigmund
  1417 | D:2      | Reached skill level 5 in Spellcasting
  1417 | D:2      | Reached XP level 4. HP: 24/24 MP: 4/13
  1417 | D:2      | Reached XP level 5. HP: 28/28 MP: 4/15
  1421 | D:2      | Killed Natasha
  1422 | D:2      | Reached skill level 5 in Fire Magic
  1865 | D:2      | Noticed Natasha
  1868 | D:2      | Killed Natasha
  1869 | D:2      | Reached XP level 6. HP: 32/32 MP: 12/16
  1923 | D:2      | Noticed Natasha
  1926 | D:2      | Killed Natasha
  1927 | D:2      | Reached skill level 6 in Spellcasting
  3338 | D:4      | Learned a level 4 spell: Flame Wave
  3559 | D:4      | Reached XP level 7. HP: 20/36 MP: 13/19
  3560 | D:4      | Killed from afar by an orc priest

Illustrated notes

Levels and vault maps discovered:
D:1:      mrwooster_arrival_statue_3, layout_basic,
          shapermc_ecumenical_altar_starsandcircs
D:2:      layout_loops_ring, st_stairs_4, uniq_sigmund, uniq_natasha,
          uniq_jessica
D:3:      layout_basic
D:4:      layout_basic

Skill      XL: |  1  2  3  4  5  6 |
---------------+-------------------+-----
Spellcasting   | 5 6 |  6.8
Conjurations   | 3 4 |  4.0
Fire Magic     | 4 5 |  5.6
Dodging        | |  2.5
Stealth        | |  2.4

Action                   |  1- 3 |  4- 6 |  7- 9 || total
-------------------------+-------+-------+-------++-------
Melee: Unarmed           |     1 |       |       ||     1
 Cast: Foxfire           |    58 |    93 |     2 ||   153
       Scorch            |     8 |    10 |       ||    18
Armor: Robe              |     1 |     1 |       ||     2
Dodge: Dodged            |     3 |     2 |       ||     5
